 Dungeon Crawl Stone Soup version 0.31-a0-750-gfe7b580527 (webtiles) character file.

Game seed: 7257445524986977355

378 GigaChad the Shield-Bearer (level 7, -2/55 HPs)
             Began as a Formicid Fighter on Sept 14, 2023.
             Was an Initiate of the Shining One.
             Slain by an ogre
             ... wielding a +0 giant club
              (16 damage)
             ... on level 4 of the Dungeon.
             The game lasted 00:03:53 (3092 turns).

GigaChad the Shield-Bearer (Formicid Fighter)       Turns: 3092, Time: 00:03:53

Health: -2/55      AC: 10    Str: 23    XL:     7   Next: 4%
Magic:  7/7        EV:  8    Int:  7    God:    the Shining One [......]
Gold:   4          SH:  5    Dex: 13    Spells: 6/6 levels left

rFire   . . .        a - +1 war axe (elec)
rCold   . . .        c - +0 buckler
rNeg    . . .        f - +1 chain mail
rPois   .            (helmet unavailable)
rElec   .            s - scarf {repulsion}
rCorr   .            (no gloves)
SInv    +            (no boots)
Will    .....        (no amulet) Stlth
                     (no ring)
HPRegen 0.29/turn    (no ring)
MPRegen 0.10/turn

%: repel missiles
@: glowing
A: permanent stasis, dig shafts and tunnels, antennae 3, four strong arms
a: Dig, Shaft Self, Renounce Religion


You were on level 4 of the Dungeon.
You worshipped the Shining One.
The Shining One was noncommittal.
You visited 1 branch of the dungeon, and saw 4 of its levels.

You collected 137 gold pieces.
You spent 133 gold pieces at shops.

Inventory:

Hand Weapons
 a - a +1 war axe of electrocution (weapon)
Armour
 b - a +0 scale mail
 c - a +0 buckler (worn)
 f - a +1 chain mail (worn)
 s - a scarf of repulsion (worn)
Jewellery
 q - a ring of willpower
Wands
 n - a wand of digging (7)
 p - a wand of charming (8)
Scrolls
 e - a scroll of teleportation
 j - a scroll of silence
 k - a scroll of noise
 l - a scroll of fog
 m - a scroll of torment
Potions
 d - a potion of might
 g - a potion of curing {unknown}
 h - a potion of enlightenment {unknown}
 i - a potion of brilliance {unknown}
 o - a potion of berserk rage {unknown}
 r - a potion of heal wounds {unknown}
 t - a potion of ambrosia {unknown}


   Skills:
 * Level 4.6 Fighting
 * Level 5.0 Axes
 * Level 4.4 Armour
 * Level 5.1 Shields


You had 6 spell levels left.
You didn't know any spells.
Your spell library contained the following spells:

 Spells                   Type           Power      Damage    Failure   Level
 Arcjolt                  Conj/Air       0%         1d10      100%        5
 Plasma Beam              Fire/Air       0%         2x1d10    100%        6
 Vhi's Electric Charge    Tloc/Air       Unusable   N/A       N/A         4

Dungeon Overview and Level Annotations

Branches:
Dungeon (4/15)             Temple (0/1) D:4

Altars:
Trog
Yredelemnul
The Shining One

Shops:
D:3 ?


Innate Abilities, Weirdness & Mutations

You cannot be hasted, slowed, berserked, paralysed or teleported.
You can dig through walls and to a lower floor.
You have a pair of large antennae on your head. (SInv)
Your four strong arms can wield two-handed weapons with a shield.


Message History

You continue putting on your scarf of repulsion. x4
You finish putting on your scarf of repulsion.
You are surrounded by a repulsion field.
A jelly comes into view.
A jelly is nearby!
A jelly is nearby!
An ogre comes into view. It is wielding a +0 giant club.
The ogre shouts!
Found an escape hatch in the ceiling.
The jelly hits you but does no damage.
You slash the jelly!
Your hands burn!
The jelly is severely wounded.
You block the jelly's attack.
You slash the jelly!
You kill the jelly!
You barely miss the ogre. You block the ogre's attack.
Your Axes skill increases to level 5!
You have reached level 7!
Unknown command.
You slash the ogre!
The ogre is moderately wounded.
The ogre hits you with a +0 giant club!!
Unknown command.
You hit the ogre.
The ogre is moderately wounded.
The ogre hits you with a +0 giant club!!
* * * LOW HITPOINT WARNING * * *
Unknown command.
You are too injured to fight recklessly!
Unknown command.
You are too injured to fight recklessly!
Unknown command.
You are too injured to fight recklessly!
You block the ogre's attack.
You slash the ogre!
The ogre is heavily wounded.
You barely miss the ogre.
The ogre is heavily wounded.
The ogre hits you with a +0 giant club!
You die...

...###..# ####...
#...##..####......
###....##...>....###
##.......#......###
##...............##
#.................#
##...........#######
##........#...#
#.....O@..##.##
#........###.#
........####.#
........# #..##
#<..##### #.#.# ####
#####


You could see an ogre.

Vanquished Creatures
  A black bear (D:4)
  A scorpion (D:4)
  A jelly (D:4)
  A hound (D:4)
  An orc priest (D:4)
  An iguana (D:4)
  An adder (D:3)
  A worm (D:3)
  3 dart slugs
  5 orcs
  7 ball pythons
  5 endoplasms
  7 giant cockroaches
  10 goblins
  11 hobgoblins
  4 jackals (D:2)
  7 quokkas
  4 bats
  4 frilled lizards
  6 kobolds
  4 rats
85 creatures vanquished.

Notes
Turn   | Place    | Note
-------+----------+-------------------------------------------
     0 | D:1      | GigaChad the Formicid Fighter began the quest for the Orb.
     0 | D:1      | Reached XP level 1. HP: 18/18 MP: 1/1
   604 | D:1      | Reached XP level 2. HP: 24/24 MP: 2/2
   902 | D:1      | Reached XP level 3. HP: 29/29 MP: 3/3
  1364 | D:2      | Reached XP level 4. HP: 36/37 MP: 4/4
  1887 | D:3      | Found a glowing golden altar of the Shining One.
  1896 | D:3      | Found a basalt altar of Yredelemnul.
  1898 | D:3      | Found a bloodstained altar of Trog.
  1918 | D:3      | Became a worshipper of the Shining One
  1928 | D:3      | Found Ystarouv's Magic Scroll Emporium.
  2254 | D:3      | Reached XP level 5. HP: 32/42 MP: 5/5
  2573 | D:4      | Noticed a black bear
  2583 | D:4      | Killed a black bear
  2584 | D:4      | Reached skill level 5 in Shields
  2584 | D:4      | Reached XP level 6. HP: 32/49 MP: 6/6
  2811 | D:4      | Found a staircase to the Ecumenical Temple.
  2963 | D:3      | Bought a scroll of brand weapon for 133 gold pieces
  3083 | D:4      | Noticed an ogre
  3088 | D:4      | Reached skill level 5 in Axes
  3088 | D:4      | Reached XP level 7. HP: 50/55 MP: 7/7
  3092 | D:4      | Slain by an ogre

Illustrated notes

Levels and vault maps discovered:
D:1:      tarquinn_simple_flora_water_d, layout_basic, serial_aquarium,
          aquarium_bridge_straight [aquarium_subvault_bridge,
          aquarium_subvault_wall, aquarium_subvault_bridge,
          aquarium_subvault_wall], aquarium_window_2,
          aquarium_window_corridor_2, aquarium_view_2b,
          chequers_serial_rivers_large_b
D:2:      layout_basic, st_stairs_13
D:3:      layout_rooms, grunt_temple_overflow_open, serial_shops, shop,
          kennysheep_minor_cross, kennysheep_big_empty_room
D:4:      layout_cave_pods, minmay_temple_entry_waves,
          kennysheep_opposing_triangles

Skill      XL: |  1  2  3  4  5  6 |
---------------+-------------------+-----
Axes           | 3 4 5 |  5.0
Fighting       | 4 |  4.6
Armour         | 4 |  4.4
Shields        | 5 |  5.1

Action                     |  1- 3 |  4- 6 |  7- 9 || total
---------------------------+-------+-------+-------++-------
  Melee: War axe           |    75 |   131 |     4 ||   210
    Use: Scroll            |     2 |     8 |       ||    10
 Armour: Scale mail        |     7 |       |       ||     7
         Chain mail        |    54 |   110 |     3 ||   167
  Dodge: Dodged            |    26 |    77 |       ||   103
  Block: Buckler           |    16 |    43 |     1 ||    60

Table legend: (Time is in decaauts)
 A = Elapsed time spent in this place.
 B = Non-inter-level travel time spent in this place.
 C = Inter-level travel time spent in this place.
 D = Time resting spent in this place.
 E = Time spent auto-exploring this place.
 F = Levels seen in this place.
 G = Mean time per level.
                   A        B        C        D        E       F      G
               +--------+--------+--------+--------+--------+-----+--------+
         Total |   3219 |   2949 |    270 |      0 |   2339 |   4 |  804.8 |
       Dungeon |   3219 |   2949 |    270 |      0 |   2339 |   4 |  804.8 |
               +--------+--------+--------+--------+--------+-----+--------+

Top non-repeatable levels by time:
     D:1: 1077 daAuts
     D:2: 733 daAuts
     D:3: 723 daAuts
     D:4: 684 daAuts
